 Dungeon Crawl Stone Soup version 0.31-a0-1338-gb567cfdca4 (webtiles) character file.

Game seed: 76218273731129837

38 IdlyInterested the Trooper (level 3, -5/29 HPs)
             Began as a Demonspawn Fighter on Dec 21, 2023.
             Slain by Terence
             ... wielding a +0 flail
              (7 damage)
             ... on level 2 of the Dungeon.
             The game lasted 00:02:41 (1365 turns).

IdlyInterested the Trooper (Demonspawn Fighter)     Turns: 1365, Time: 00:02:41

Health: -5/29      AC:  7    Str: 16    XL:     3   Next: 25%
Magic:  4/4        EV:  9    Int:  8    God:
Gold:   59         SH:  4    Dex: 14    Spells: 3/3 levels left

rFire   . .          .
                       - Unarmed
rCold   . . .        b - +0 buckler
rNeg    . . .        a - +0 scale mail
rPois   .            (no helmet)
rElec   .            i - +0 cloak
rCorr   .            (no gloves)
SInv    .            (no boots)
Will    .....        (no amulet) Stlth
                     (no ring)
HPRegen 0.24/turn    (no ring)
MPRegen 0.18/turn

%: no passive effects
@: mighty, attractive
A: magic regeneration
a: no special abilities


You were on level 2 of the Dungeon.
You visited 1 branch of the dungeon, and saw 2 of its levels.

You collected 59 gold pieces.

Inventory:

Hand Weapons
 f - a +0 hand axe
 k - a +0 war axe
Missiles
 d - 19 stones
 e - 7 boomerangs
 j - 6 poisoned darts
Armour
 a - a +0 scale mail (worn)
 b - a +0 buckler (worn)
 i - a +0 cloak (worn)
Jewellery
 h - a ring of magical power
Scrolls
 g - 2 scrolls of identify {unknown}
 m - a scroll of amnesia {unknown}


   Skills:
 - Level 3.0 Fighting
 - Level 1.0 Throwing
 - Level 3.0 Armour
 - Level 1.0 Dodging
 - Level 1.0 Stealth
 - Level 2.6 Shields
 - Level 2.0 Unarmed Combat
 + Level 0.9 Spellcasting


You had 3 spell levels left.
You didn't know any spells.
Your spell library was empty.

Dungeon Overview and Level Annotations

Branches:
Dungeon (2/15)

Altars:

Annotations:
D:2 Terence


Innate Abilities, Weirdness & Mutations

You regenerate magic rapidly.


Message History

The ball python bites you but does no damage.
The ball python constricts you.
The ball python bites you but does no damage.
The ball python constricts you.
You hit the ball python.
The ball python is heavily wounded.
The ball python bites you. The ball python constricts you.
You closely miss the ball python.
The ball python is heavily wounded.
The ball python bites you but does no damage.
The ball python constricts you.
You hit the ball python.
You kill the ball python!
Terence the Incautious comes into view.
He is wielding a +0 flail.
You closely miss Terence. You block Terence's attack.
You hit Terence but do no damage. You block Terence's attack.
You hit Terence but do no damage. Terence hits you with a +0 flail.
You barely miss Terence. Terence hits you with a +0 flail.
You hit Terence but do no damage. Terence hits you with a +0 flail!
You hit Terence.
Terence is lightly wounded.
Terence hits you with a +0 flail.
* * * LOW HITPOINT WARNING * * *
You closely miss Terence.
Terence is lightly wounded.
You block Terence's attack.
You barely miss Terence.
Terence is lightly wounded.
Terence hits you with a +0 flail.
* * * LOW HITPOINT WARNING * * *
You feel very mighty all of a sudden. Terence barely misses you.
You hit Terence.
Terence is moderately wounded.
Terence completely misses you.
It was a potion of attraction.
You feel attractive to monsters. Terence hits you with a +0 flail!
You die...
Terence says, "That felt goooood."

#....# #.#
♣♣........#
#.#### #.#
♣........# #.#
#.# ♣........#
#.# ##.#
♣........# #.#
##..# ♣♣
♣..##...### #.#
##...##♣ .♣ ♣##
#...#
#.####..#...♣♣.♣
#...#
#..#...####..♣@♣
##...####
##...### ##.@♣
#........ #####
#....# #.#######
###### #.#.....#
#.#......
#.....#.#
#####.#.# #.#..
#.### #....


You could see Terence.

Vanquished Creatures
  An adder (D:2)
  A dart slug (D:1)
  4 endoplasms
  A giant cockroach (D:1)
  2 goblins (D:1)
  3 hobgoblins
  2 kobolds
  4 ball pythons
  2 bats
  A frilled lizard (D:1)
  6 rats (D:1)
27 creatures vanquished.

Notes
Turn   | Place    | Note
-------+----------+-------------------------------------------
     0 | D:1      | IdlyInterested the Demonspawn Fighter began the quest for
                  | the Orb.
     0 | D:1      | Reached XP level 1. HP: 18/18 MP: 1/1
   249 | D:1      | Gained mutation: You regenerate magic rapidly. [demonic
                  | ancestry]
   249 | D:1      | Reached XP level 2. HP: 11/24 MP: 2/2
   379 | D:1      | Reached skill level 1 in Dodging
   528 | D:1      | Reached skill level 1 in Stealth
  1191 | D:2      | Reached skill level 1 in Throwing
  1233 | D:2      | Reached XP level 3. HP: 23/29 MP: 2/4
  1278 | D:2      | Found a faded altar of an unknown god.
  1354 | D:2      | Noticed Terence
  1365 | D:2      | Slain by Terence

Illustrated notes

Levels and vault maps discovered:
D:1:      saegor_arrival_simple_b, layout_loops_ring, serial_aquarium,
          aquarium_bridge_island_small [aquarium_subvault_small_open,
          aquarium_subvault_bridge, aquarium_subvault_wall,
          aquarium_subvault_bridge, aquarium_subvault_wall], aquarium_window_1,
          aquarium_window_fake, aquarium_window_1, aquarium_view_2e,
          aquarium_view_2d, aquarium_pool_side, chequers_serial_rivers_micro_d,
          minmay_pentomino_q4
D:2:      layout_basic, shapermc_ecumenical_altar_totnotflames, uniq_terence

Skill      XL: |  1  2 |
---------------+-------+-----
Unarmed Combat | 2 |  2.0
Armour         | 3 |  3.0
Dodging        | 1 |  1.0
Stealth        | 1 |  1.0
Throwing       | 1 |  1.0
Fighting       | |  3.0
Shields        | |  2.6
Spellcasting   | |  0.9

Action                     || total
---------------------------++-------
  Melee: Unarmed           ||   119
    Use: Potion            ||     2
 Armour: Scale mail        ||    63
  Dodge: Dodged            ||    27
  Block: Buckler           ||    21

Table legend: (Time is in decaauts)
 A = Elapsed time spent in this place.
 B = Non-inter-level travel time spent in this place.
 C = Inter-level travel time spent in this place.
 D = Time resting spent in this place.
 E = Time spent auto-exploring this place.
 F = Levels seen in this place.
 G = Mean time per level.
                   A        B        C        D        E       F      G
               +--------+--------+--------+--------+--------+-----+--------+
         Total |   1364 |   1307 |     57 |     84 |    930 |   2 |  682.0 |
       Dungeon |   1364 |   1307 |     57 |     84 |    930 |   2 |  682.0 |
               +--------+--------+--------+--------+--------+-----+--------+

Top non-repeatable levels by time:
     D:1: 1009 daAuts
     D:2: 355 daAuts
